 Dungeon Crawl Stone Soup version 0.31-a0-89-g637a80eef8 (webtiles) character file.

Game seed: 14273371842090681149

2890 Colgate the Thaumaturge (level 10, -1/90 HPs)
             Began as a Meteoran Necromancer on May 25, 2023.
             Was an Initiate of Cheibriados.
             Slain by a wraith (5 damage)
             ... led by Josephine
             ... on level 10 of the Dungeon.
             The game lasted 00:58:40 (2713 turns).

Colgate the Thaumaturge (Meteoran Necromancer)      Turns: 2713, Time: 00:58:41

Health: -1/90      AC:  7    Str: 11    XL:     10   Next: 26%
Magic:  25/25      EV: 14    Int: 21    God:    Cheibriados [......]
Gold:   186        SH:  0    Dex: 17    Spells: 21/29 levels left

rFire   . . .        b - +0 great sword
rCold   . . .        (shield currently unavailable)
rNeg    . . .        w - +1 leather armour {Will+}
rPois   .            (no helmet)
rElec   .            (no cloak)
rCorr   .            p - +2 pair of gloves
SInv    .            (no boots)
Will    ++...        (no amulet)
Stlth   +            (no ring)
HPRegen 0.35/turn    (no ring)
MPRegen 0.19/turn

%: no passive effects
@: slowed, glowing, very slow
A: sense surroundings 2, otherworldly, glowing, explore regen
a: Renounce Religion


You were on level 10 of the Dungeon.
You worshipped Cheibriados.
Cheibriados was noncommittal.
You visited 2 branches of the dungeon, and saw 11 of its levels.

You collected 298 gold pieces.
You spent 112 gold pieces at shops.

Inventory:

Hand Weapons
 a - a +0 orcbow
 b - a +0 great sword (weapon)
 i - a +6 whip
 r - a +0 halberd
Missiles
 l - 6 curare-tipped darts
Armour
 f - a +0 robe
 p - a +2 pair of gloves (worn)
 w - a +1 leather armour of willpower (worn)
Magical Staves
 g - a staff of poison
Wands
 o - a wand of flame (34)
 q - a wand of iceblast (8) {@v2}
 u - a wand of mindburst (4)
 y - a wand of quicksilver (3) {@v1}
Scrolls
 d - a scroll of magic mapping {unknown}
 h - a scroll of noise {unknown}
 m - a scroll of immolation {unknown}
 n - a scroll of poison {unknown}
 s - a scroll of torment {unknown}
 t - 2 scrolls of teleportation {@r3}
 v - a scroll of vulnerability {unknown}
 z - a scroll of fog {unknown}
Potions
 c - a potion of magic
 e - 2 potions of lignification
 j - 3 potions of enlightenment
 k - 2 potions of curing {@q1}
 x - a potion of brilliance {unknown}


   Skills:
 - Level 8.5 Fighting
 + Level 6.0 Dodging
 - Level 1.4 Stealth
 - Level 10.0 Spellcasting
 - Level 5.6 Necromancy
 - Level 4.4 Evocations


You had 21 spell levels left.
You knew the following spells:

 Your Spells              Type           Power      Damage    Failure   Level
a - Necrotise             Necr           100%       1d9       1%          1
b - Vampiric Draining     Necr           34%        2d8       2%          3
c - Animate Dead          Necr           34%        N/A       9%          4

Your spell library contained the following spells:

 Spells                   Type           Power      Damage    Failure   Level
 Sublimation of Blood     Necr           34%        N/A       1%          2
 Wereblood                Tmut           10%        N/A       13%         2
 Agony                    Necr           34%        N/A       22%         5
 Summon Hydra             Summ           5%         N/A       100%        7


Dungeon Overview and Level Annotations

Branches:
Dungeon (10/15) Zot: 5162  Temple (1/1) D:4 Zot: 740
   Lair: D:8-11         Orc: D:9-12

Altars:
Ashenzari
Cheibriados
Dithmenos
Elyvilon
Kikubaaqudgha
Nemelex Xobeh
Qazlal
Ru
Sif Muna
Trog
Uskayaw
Vehumet
Wu Jian
Xom
Zin
The Shining One

Shops:
D:1 (   D:2 ([   D:4 =[   D:6 *(*[(*(

Annotations:
D:1 DS1 alttari


Innate Abilities, Weirdness & Mutations

You passively map the area around you.
You are easily found by Zot.
You glow in the dark.
You regain HP and MP as you explore.


Message History

You barely miss the wraith. The wraith hits you but does no damage.
The wraith hits you. The wraith misses you.
You are too injured to fight recklessly!
You barely miss the wraith. The wraith hits you but does no damage.
The wraith closely misses you.
You hit the wraith but do no damage. The wraith hits you but does no damage.
The wraith hits you! The wraith barely misses you.
You hit the wraith but do no damage.
You hear the faint creaking of a distant portcullis.
The wraith hits you! The wraith drains your vigour!
You feel as though you will be slow longer.
The wraith barely misses you.
You hit the wraith. The wraith misses you. The wraith hits you!
The wraith drains your vigour!
You feel as though you will be slow longer.
The wraith hits you.
* * * LOW HITPOINT WARNING * * *
The wraith drains your vigour!
You feel as though you will be slow longer.
You closely miss the wraith. The wraith closely misses you.
The wraith hits you.
* * * LOW HITPOINT WARNING * * *
The wraith drains your vigour!
You feel as though you will be slow longer.
The wraith hits you!
* * * LOW HITPOINT WARNING * * *
The wraith drains your vigour!
You feel as though you will be slow longer.
You hit the wraith. The wraith closely misses you.
The wraith hits you but does no damage.
Aiming: Quicksilver Bolt
Aim: a wraith (74% to hit)
The bolt of dispelling energy hits the wraith!
The bolt of dispelling energy hits the wraith!!
The wraith hits you!
* * * LOW HITPOINT WARNING * * *
The wraith drains your vigour!
You feel as though you will be slow longer.
The wraith hits you.
You die...

, , * * *, ****
, , , ,,, * , *
***** * * , **
,*, ,, * *** ,
,*,* *### # * ,,
#.#####.#, ** ,
#.......#, *,
*,* * #.
#.##.####.# * ,
*, * #.*
#.##.@WW..# , #
#.####'##.######
, *
#.#.......#[#
#.........#.#
####......#.#
#..+......#.# ,
###
#.##......#.# ,
..#.#.##......#.
*
#.#.#.##......#


You could see 2 wraiths.

Vanquished Creatures
  A hornet (D:9)
  Sigmund (D:5)
  A wyvern (D:9)
  3 water moccasins
  2 orc warriors
  An ice beast (D:6)
  A black bear (D:7)
  A sky beast (D:6)
  An ogre (D:6)
  2 centaurs (D:6)
  A kobold brigand (D:9)
  2 bullfrogs (D:7)
  Blork the orc (D:4)
  A gnoll sergeant (D:6)
  5 wights (D:9)
  2 hounds
  2 jellies
  2 orc priests
  2 gnoll boudas
  A sleepcap (D:5)
  2 orc wizards
  12 gnolls
  2 adders
  A shadow imp (D:6)
  An ufetubus (D:7)
  A worm (D:1)
  A dart slug (D:1)
  13 orcs
  3 bats (D:1)
  4 endoplasms
  3 goblins (D:1)
  8 hobgoblins
  2 jackals (D:5)
  6 quokkas
  4 ball pythons (D:1)
  9 kobolds
  3 rats
108 creatures vanquished.

Vanquished Creatures (collateral kills)
  A phantom (D:7)
  A bullfrog (D:7)
  A hound (D:6)
  An orc priest (D:7)
  2 gnolls (D:7)
  2 orcs
  A jackal (D:5)
  A ball python (D:1)
10 creatures vanquished.

Vanquished Creatures (others)
  A water moccasin zombie (D:7)
  A bullfrog zombie (D:7)
  A centaur zombie (D:6)
  9 gnoll zombies
  10 orc zombies
22 creatures vanquished.

Grand Total: 140 creatures vanquished

Notes
Turn   | Place    | Note
-------+----------+-------------------------------------------
     0 | D:1      | Colgate the Meteoran Necromancer began the quest for the
                  | Orb.
     0 | D:1      | Reached XP level 1. HP: 14/14 MP: 5/5
    50 | D:2      | Noticed an orc priest
    50 | D:2      | Noticed an orc priest
    54 | D:2      | Noticed an orc wizard
    55 | D:2      | Reached skill level 3 in Spellcasting
    72 | D:1      | Reached XP level 2. HP: 20/20 MP: 1/7
    89 | D:1      | Reached skill level 4 in Spellcasting
    89 | D:1      | Reached XP level 3. HP: 26/26 MP: 0/9
    93 | D:1      | Learned a level 3 spell: Vampiric Draining
   143 | D:1      | Found Pamuybis's Antique Weapon Emporium.
   260 | D:1      | Found a faded altar of an unknown god.
   304 | D:1      | Reached XP level 4. HP: 33/33 MP: 8/11
   309 | D:1      | Learned a level 4 spell: Animate Dead
   327 | D:2      | Found Luamauq's Antique Weapon Emporium.
   558 | D:2      | Found Weoshruff's Antique Armour Boutique.
   573 | D:1      | Reached skill level 5 in Spellcasting
   588 | D:1      | HP: 1/33 [goblin/+0 dagger (2)]
   875 | D:4      | Found Mosommer's Armour Boutique.
   879 | D:4      | Noticed Blork the orc
   889 | D:4      | Killed Blork the orc
   890 | D:4      | Reached skill level 5 in Necromancy
   890 | D:4      | Reached XP level 5. HP: 11/38 MP: 2/13
   911 | D:4      | Bought a +0 pair of gloves for 58 gold pieces
   927 | D:5      | Entered Level 5 of the Dungeon
   943 | D:5      | Reached skill level 1 in Fighting
   955 | D:5      | Reached XP level 6. HP: 49/49 MP: 12/14
   982 | D:5      | Noticed Sigmund
   990 | D:5      | Killed Sigmund
   991 | D:5      | Reached skill level 6 in Spellcasting
   991 | D:5      | Reached XP level 7. HP: 57/57 MP: 15/18
  1032 | D:6      | Found Puisalowk's Weapon Shop.
  1069 | D:6      | Reached skill level 7 in Spellcasting
  1120 | D:6      | Found Duff's Antique Weapon Emporium.
  1120 | D:6      | Found Wurhee's Assorted Antiques.
  1164 | D:6      | Reached skill level 8 in Spellcasting
  1164 | D:6      | Reached XP level 8. HP: 24/63 MP: 17/21
  1172 | D:6      | Bought a scroll labelled CIOBEU JEMIMN for 27 gold pieces
  1172 | D:6      | Bought a scroll labelled KOAWUH YQIVAU for 27 gold pieces
  1220 | D:6      | Reached skill level 9 in Spellcasting
  1297 | D:6      | Found Loosops's Antique Weapon Shop.
  1342 | D:6      | Found Atzuerch's Specific Store.
  1350 | D:6      | Found Bucaikosm's General Store.
  1437 | D:6      | Found Zasiam's Antique Armour Shop.
  1456 | D:6      | Reached skill level 5 in Fighting
  1456 | D:6      | Gained mutation: You passively map the area around you.
                  | [Meteoran growth]
  1456 | D:6      | Reached XP level 9. HP: 35/74 MP: 19/23
  2087 | D:4      | Found Gumyekk's Jewellery Boutique.
  2175 | D:4      | Found a staircase to the Ecumenical Temple.
  2180 | Temple   | Entered the Ecumenical Temple
  2279 | Temple   | Became a worshipper of Cheibriados the Contemplative
  2381 | D:7      | Reached skill level 10 in Spellcasting
  2510 | D:9      | Reached XP level 10. HP: 57/88 MP: 18/25
  2557 | D:9      | Reached skill level 5 in Dodging
  2635 | D:10     | Entered Level 10 of the Dungeon
  2713 | D:10     | HP: 4/90 [wraith[Josephine] (8)]
  2713 | D:10     | Slain by a wraith

Illustrated notes

Levels and vault maps discovered:
D:1:      dpeg_arrival_round_c, layout_loops_ring, serial_shops,
          nicolae_shop_tiny_waterfront, ebering_ecumenical_altar_abandoned,
          minmay_pentomino_r4
D:2:      layout_rooms, serial_shops, nicolae_shop_overgrown_old_shop, shop,
          shop, shop
D:3:      layout_basic
D:4:      layout_basic, demons_altar, mainiacjoe_overflow_tiny_flanked,
          temple_doors_ab, serial_shops, nicolae_shop_gaudy_bauble, shop, shop,
          nicolae_shop_advertising_works [nicolae_subvault_shop_adworks],
          nicolae_shop_pleasant_corner_grove, ebering_dispersal_statue_hall,
          mrwooster_statue_mirror, grunt_decor_clamped, uniq_pikel, uniq_robin,
          uniq_duvessa, uniq_blork_the_orc
D:5:      minmay_general_purpose_star, layout_cave_pools, serial_shops,
          nicolae_shop_back_alley_shop, kennysheep_nub, uniq_sigmund
D:6:      layout_loops_ring, kennysheep_mini_moat, serial_shops, shop,
          nicolae_shop_tiny_real_fake_doors, nicolae_shop_tiny_real_fake_doors,
          nicolae_shop_tiny_waterfront, shop, nicolae_specific_store,
          minivault_26, kennysheep_generic_room_12
D:7:      minmay_octagon_keep, layout_loops_cross,
          worldfamousw_hep_ancestral_shrine
D:8:      layout_gridville, erik_lair_island, gammafunk_ghost_hydra_chop,
          uniq_amaemon, uniq_maurice
D:9:      layout_long_grid, fedhas_altar_1, kennysheep_generic_room_2,
          uniq_maggie
D:10:     layout_basic, kennysheep_okawaru_gauntlet, enter_bailey_5,
          uniq_josephine, uniq_harold
Temple:   lightli_temple_of_artemis

Skill      XL: |  1  2  3  4  5  6  7  8  9 10 |
---------------+-------------------------------+-----
Spellcasting   | 3 4 5 6 8 9 10 | 10.0
Necromancy     | 5 |  5.6
Fighting       | 2 3 5 7 8 |  8.5
Evocations     | 2 4 |  4.4
Dodging        | 4 6 |  6.0
Stealth        | |  1.4

Action                     |  1- 3 |  4- 6 |  7- 9 | 10-12 || total
---------------------------+-------+-------+-------+-------++-------
  Melee: Short sword       |    12 |     4 |       |       ||    16
         Morningstar       |       |     9 |     4 |       ||    13
         Whip              |       |       |    84 |       ||    84
         Spear             |       |       |    17 |       ||    17
         Halberd           |       |       |     6 |     1 ||     7
         Punch             |       |       |     2 |       ||     2
         Great sword       |       |       |       |    18 ||    18
         Unarmed           |       |       |       |     1 ||     1
   Fire: Shortbow          |       |       |    55 |       ||    55
         Orcbow            |       |       |     1 |     1 ||     2
   Cast: Necrotise         |    39 |    45 |    32 |     2 ||   118
         Vampiric Draining |       |     8 |    42 |     3 ||    53
         Animate Dead      |       |     1 |     9 |       ||    10
  Evoke: Wand              |       |       |       |     3 ||     3
    Use: Scroll            |       |       |     7 |       ||     7
         Potion            |       |       |       |     1 ||     1
   Stab: Distracted        |       |     1 |     3 |       ||     4
         Sleeping          |       |       |     1 |       ||     1
 Armour: Robe              |     6 |    11 |    21 |       ||    38
         Leather armour    |       |       |     8 |    12 ||    20
         Skin              |       |       |       |     2 ||     2
  Dodge: Dodged            |    11 |    36 |    98 |    16 ||   161

Table legend: (Time is in decaauts)
 A = Elapsed time spent in this place.
 B = Non-inter-level travel time spent in this place.
 C = Inter-level travel time spent in this place.
 D = Time resting spent in this place.
 E = Time spent auto-exploring this place.
 F = Levels seen in this place.
 G = Mean time per level.
                   A        B        C        D        E       F      G
               +--------+--------+--------+--------+--------+-----+--------+
         Total |   2841 |   2836 |      5 |     34 |     83 |  11 |  258.3 |
       Dungeon |   2731 |   2726 |      5 |     34 |      0 |  10 |  273.1 |
        Temple |    109 |    109 |      0 |      0 |     83 |   1 |  109.0 |
               +--------+--------+--------+--------+--------+-----+--------+

Top non-repeatable levels by time:
     D:6: 754 daAuts
     D:1: 591 daAuts
     D:7: 377 daAuts
     D:4: 264 daAuts
     D:9: 249 daAuts
     D:5: 204 daAuts
     D:2: 149 daAuts
  Temple: 109 daAuts
    D:10: 79 daAuts
     D:3: 45 daAuts
     D:8: 16 daAuts
